 Dungeon Crawl Stone Soup version 0.30-a0-469-g84de5afbc5 (webtiles) character file.

Game seed: 6725415111538491799

863 PyroL the Trooper (level 7, -1/93 HPs)
             Began as a Red Draconian Warper on Dec 20, 2022.
             Slain by a water moccasin (4 damage)
             ... on level 5 of the Dungeon.
             The game lasted 00:09:21 (5649 turns).

PyroL the Trooper (Red Draconian Warper)            Turns: 5649, Time: 00:09:22

Health: -1/93      AC: 23    Str: 14 (15) XL:     7   Next: 72%
Magic:  14/14      EV:  2    Int: 12 (13) God:
Gold:   219        SH:  0    Dex:  8 (11) Spells: 14/16 levels left

rFire   . . .      SeeInvis .    e - +4 dagger (freeze)
rCold   + . .      Faith    .    (no shield)
rNeg    . . .      Spirit   .    (body armour unavailable)
rPois   +          Reflect  .    (helmet currently unavailable)
rElec   .          Harm     .    (cloak currently unavailable)
rCorr   .          Rampage  .    (gloves currently unavailable)
Will    .....      NoTele   +    (boots currently unavailable)
Stlth   +.........               (no amulet)
HPRegen 0.35/turn                a - ring of protection from cold
MPRegen 0.14/turn                (no ring)

@: tree-form
A: stationary, stasis, torment immunity, boosted hp, (breathe fire), AC +6,
unfitting armour, (fire resistance 1), (cold-blooded)
a: no special abilities


You were on level 5 of the Dungeon.
You were a tree.
You visited 1 branch of the dungeon, and saw 5 of its levels.

You collected 219 gold pieces.

Inventory:

Hand Weapons
 e - a +4 dagger of freezing (weapon)
Missiles
 c - 7 boomerangs of dispersal (quivered)
 h - 5 boomerangs
Armour
 s - a +2 hat (melded)
Jewellery
 a - a ring of protection from cold (left branch)
 r - an amulet of faith
Wands
 j - a wand of roots (6)
Scrolls
 b - 2 scrolls of blinking
 d - a scroll of poison {unknown}
 m - a scroll of enchant weapon
 o - a scroll of amnesia
 q - a scroll of enchant armour
Potions
 f - a potion of magic
 g - a potion of lignification
 i - a potion of haste
 k - a potion of mutation
 n - 2 potions of flight
 t - a potion of might


   Skills:
 + Level 5.9 Fighting
 - Level 2.0 Maces & Flails
 - Level 0.8 Throwing
 - Level 2.1 Dodging
 + Level 5.0 Spellcasting
 + Level 5.8 Translocations


You had 14 spell levels left.
You knew the following spells:

 Your Spells              Type           Power      Damage    Failure   Level
a - Blink                 Tloc           34%        N/A       2%          2

Your spell library contained the following spells:

 Spells                   Type           Power      Damage    Failure   Level
 Lesser Beckoning         Tloc           34%        N/A       5%          3
 Teleport Other           Tloc           17%        N/A       5%          3
 Vhi's Electric Charge    Tloc/Air       20%        N/A       19%         3
 Manifold Assault         Tloc           17%        N/A       19%         4
 Kiss of Death            Conj/Necr      12%        2d6       21%         1
 Magic Dart               Conj           12%        1d3       21%         1
 Ensorcelled Hibernation  Hex/Ice        6%         N/A       30%         2
 Searing Ray              Conj           6%         2d4       30%         2
 Static Discharge         Conj/Air       6%         2-3/arc   30%         2
 Confusing Touch          Hex            3%         N/A       52%         3
 Anguish                  Hex/Necr       1%         N/A       89%         4
 Dispel Undead            Necr           3%         3d7       89%         4
 Fulminant Prism          Conj/Hex       1%         3d5       89%         4
 Leda's Liquefaction      Hex/Erth       1%         N/A       89%         4
 Arcjolt                  Conj/Air       1%         1d11      99%         5
 Lightning Bolt           Conj/Air       1%         1d12      99%         5


Dungeon Overview and Level Annotations

Branches:
Dungeon (5/15)
 Temple: D:4-7

Altars:
Fedhas

Shops:
D:2 (   D:5 (*(


Innate Abilities, Weirdness & Mutations

You are a tree.
Your roots penetrate the ground, keeping you stationary.
You cannot be teleported.
You are immune to unholy pain and torment.
Your maximum health is greatly increased.
Your equipment is partially melded.
((You can breathe blasts of fire.))
((Your fiery red scales are hard. (AC +6)))
You cannot fit into any form of body armour.
((Your flesh is heat resistant. (rF+)))
((You are cold-blooded and may be slowed by cold attacks.))


Message History

You closely miss the water moccasin.
You tail-slap the water moccasin, but do no damage.
The water moccasin is moderately wounded.
The water moccasin barely misses you.
You hit the water moccasin. You freeze the water moccasin.
The water moccasin is moderately wounded.
The water moccasin is no longer moving slowly.
The water moccasin closely misses you.
You miss the water moccasin.
The water moccasin is moderately wounded.
The water moccasin misses you.
You completely miss the water moccasin.
The water moccasin is moderately wounded.
The water moccasin barely misses you.
You completely miss the water moccasin.
The water moccasin is moderately wounded.
The water moccasin bites you.
* * * LOW HITPOINT WARNING * * *
The water moccasin closely misses you.
You hit the water moccasin. You freeze the water moccasin.
The water moccasin is heavily wounded.
The water moccasin closely misses you.
You hit the water moccasin but do no damage.
The water moccasin is heavily wounded.
The water moccasin closely misses you. The water moccasin bites you!
* * * LOW HITPOINT WARNING * * *
Really quaff the potion of lignification?
You turn into a tree.
Your +2 hat melds into your body.
Your roots penetrate the ground.
The water moccasin bites you but does no damage.
You completely miss the water moccasin.
The water moccasin is heavily wounded.
The water moccasin barely misses you.
You hit the water moccasin. You freeze the water moccasin.
The water moccasin is severely wounded.
The water moccasin bites you but does no damage. x2
You closely miss the water moccasin.
The water moccasin is severely wounded.
The water moccasin bites you.
You die...

##.##......# ...##......#
#### ############
#..........# #..........#
#..........# #....♣.....#
#####.!.S......# #########
#..............###...#...#
####
#..............†....#.#...
g..#
#......##########..#...#..
...# #.........#
#.#..∩..#. ..# #########.#
#..#...#.. )# # #...#.#...
# #....#....


You could see a water moccasin.

Vanquished Creatures
  A water moccasin (D:5)
  An ice beast (D:5)
  2 ogres
  A scorpion (D:4)
  A howler monkey (D:5)
  A jelly (D:5)
  2 hounds
  Jessica (D:2)
  Natasha (thrice) (D:2)
  An orc wizard (D:5)
  4 adders
  6 gnolls
  An ufetubus (D:5)
  A dart slug (D:1)
  2 orcs (D:5)
  7 bats
  7 endoplasms
  6 giant cockroaches
  6 hobgoblins
  2 jackals (D:2)
  7 quokkas
  10 ball pythons
  A frilled lizard (D:1)
  11 goblins
  12 kobolds
  3 rats
100 creatures vanquished.

Notes
Turn   | Place    | Note
-------+----------+-------------------------------------------
     0 | D:1      | PyroL the Draconian Warper began the quest for the Orb.
     0 | D:1      | Reached XP level 1. HP: 17/17 MP: 3/3
   359 | D:1      | Reached XP level 2. HP: 25/25 MP: 5/5
  1081 | D:1      | Reached XP level 3. HP: 26/30 MP: 6/6
  1389 | D:1      | Learned a level 2 spell: Blink
  1489 | D:2      | Noticed Natasha
  1492 | D:2      | Killed Natasha
  1652 | D:2      | Reached XP level 4. HP: 33/38 MP: 8/8
  1656 | D:2      | Found Sufanin's Weapon Emporium.
  1860 | D:2      | Noticed Jessica
  1866 | D:2      | Killed Jessica
  2055 | D:2      | Got the Spellbook of Glamour and Elsewhere
  2153 | D:2      | Noticed Natasha
  2167 | D:2      | Killed Natasha
  2428 | D:2      | Noticed Natasha
  2440 | D:2      | Killed Natasha
  2441 | D:2      | Reached XP level 5. HP: 40/46 MP: 9/9
  3908 | D:4      | Reached XP level 6. HP: 33/53 MP: 11/11
  4303 | D:4      | Found a blossoming altar of Fedhas.
  4368 | D:5      | Entered Level 5 of the Dungeon
  4384 | D:5      | Noticed a water moccasin
  4752 | D:5      | Reached skill level 5 in Translocations
  5053 | D:5      | Reached skill level 5 in Fighting
  5067 | D:5      | Your scales start taking on a fiery red colour.
  5067 | D:5      | Reached XP level 7. HP: 27/61 MP: 13/13
  5067 | D:5      | Gained mutation: Your flesh is heat resistant. (rF+) [Red
                  | Draconian growth]
  5405 | D:5      | Found Gebuwnes's Weapon Shoppe.
  5421 | D:5      | Found Pite's General Store.
  5514 | D:5      | Found Vaetemago's Weapon Boutique.
  5590 | D:5      | HP: 3/62 [ice beast (5)]
  5593 | D:5      | HP: 1/62 [ice beast (6)]
  5602 | D:5      | Reached skill level 5 in Spellcasting
  5645 | D:5      | HP: 1/62 [water moccasin (8)]
  5649 | D:5      | Slain by a water moccasin

Illustrated notes

Levels and vault maps discovered:
D:1:      nicolae_arrival_somewhat_less_tricky_arrival, layout_basic,
          minmay_misc_feat_rows
D:2:      layout_loops_ring, serial_shops, nicolae_shop_bloodbath_and_beyond,
          uniq_jessica, uniq_natasha
D:3:      layout_basic, minmay_crystal_water
D:4:      layout_loops_cross, fedhas_altar_4, hangedman_decor_opposing
D:5:      layout_basic, kennysheep_slug_shrine, serial_shops, shop,
          nicolae_diamond_shop, nicolae_lakefront_shop, minmay_ogre_servants

Skill      XL: |  1  2  3  4  5  6  7 |
---------------+----------------------+-----
Fighting       | 3 4 5 |  5.9
Spellcasting   | 3 4 5 |  5.0
Translocations | 4 5 |  5.8
Maces & Flails | |  2.0
Throwing       | |  0.8
Dodging        | |  2.1

Action                   |  1- 3 |  4- 6 |  7- 9 || total
-------------------------+-------+-------+-------++-------
Melee: Mace              |    50 |       |       ||    50
       Dagger            |    50 |   189 |    92 ||   331
       Tailslap          |     9 |    24 |    12 ||    45
       Punch             |       |     1 |     1 ||     2
 Cast: Blink             |       |     1 |     3 ||     4
  Use: Scroll            |       |     4 |     5 ||     9
       Potion            |       |       |     5 ||     5
 Stab: Sleeping          |     1 |     1 |       ||     2
       Distracted        |       |     1 |       ||     1
Armor: Skin              |    33 |    64 |    49 ||   146
Dodge: Dodged            |    74 |   115 |    76 ||   265

Table legend: (Time is in decaauts)
 A = Elapsed time spent in this place.
 B = Non-inter-level travel time spent in this place.
 C = Inter-level travel time spent in this place.
 D = Time resting spent in this place.
 E = Time spent auto-exploring this place.
 F = Levels seen in this place.
 G = Mean time per level.
                   A        B        C        D        E       F      G
               +--------+--------+--------+--------+--------+-----+--------+
         Total |   5673 |   5549 |    124 |   1011 |   3539 |   5 | 1134.6 |
       Dungeon |   5673 |   5549 |    124 |   1011 |   3539 |   5 | 1134.6 |
               +--------+--------+--------+--------+--------+-----+--------+

Top non-repeatable levels by time:
     D:1: 1506 daAuts
     D:2: 1175 daAuts
     D:3: 1137 daAuts
     D:4: 1118 daAuts
     D:5: 735 daAuts
